 Dungeon Crawl Stone Soup version 0.26.1-2-gb8aa6d0cf2 (webtiles) character file.

Game seed: 1756269465594872244

74958 infcreate the Fighter (level 15, -6/101 HPs)
             Began as a Gargoyle Fighter on Mar 27, 2021.
             Was the Champion of Okawaru.
             Mangled by an enormous slime creature (59 damage)
             ... on level 12 of the Dungeon.
             The game lasted 01:48:49 (21715 turns).

infcreate the Fighter (Gargoyle Fighter)           Turns: 21715, Time: 01:48:49

Health: -6/101     AC: 33    Str: 24    XL:     15   Next: 48%
Magic:  20/22      EV: 12    Int: 11    God:    Okawaru [******]
Gold:   2061       SH: 16    Dex: 15    Spells: 14/14 levels left

rFire    . . .     SeeInvis +   N - +5 flail "Lego" {vorpal, Int+2 Dex+4}
rCold    + . .     Faith    .   t - +0 kite shield "Cedink" {rCorr Slay+2}
rNeg     + . .     Spirit   .   Q - +2 chain mail {rC+}
rPois    ∞         Reflect  .   f - +1 helmet {SInv}
rElec    +         Harm     .   L - scarf {repulsion}
rCorr    +         Rampage  .   (no gloves)
Will     +....                  E - +0 pair of boots
Stlth    ..........             j - amulet of the acrobat
HPRegen  0.26/turn              F - ring of see invisible
MPRegen  0.18/turn              (no ring)

@: heroism, flying, studying Shields, repel missiles
A: big wings, negative energy resistance 1, electricity resistance, unbreathing,
petrification resistance, miasma immunity, AC +11
a: Stop Flying, Renounce Religion, Heroism, Finesse


You were on level 12 of the Dungeon.
You worshipped Okawaru.
Okawaru was exalted by your worship.
You visited 3 branches of the dungeon, and saw 19 of its levels.
You also visited: Sewer, Bailey and Volcano.

You collected 2061 gold pieces.

Inventory:

Hand Weapons
 N - the +5 flail "Lego" (weapon) {vorpal, Int+2 Dex+4}
   (Okawaru gifted it to you on level 11 of the Dungeon)

   It inflicts extra damage upon your enemies.
   It affects your intelligence (+2).
   It affects your dexterity (+4).
Armour
 f - a +1 helmet of see invisible (worn)
 t - the +0 kite shield "Cedink" (worn) {rCorr Slay+2}
   (You found it on level 4 of the Dungeon)

   It affects your accuracy and damage with ranged weapons and melee attacks
   (+2).
   It provides partial protection from all sources of acid and corrosion.
 z - the +0 pair of boots of Benevolence {rF+++ rN+ Int+4 Dex-4}
   (Okawaru gifted it to you on level 3 of the Lair of Beasts)

   It affects your intelligence (+4).
   It affects your dexterity (-4).
   It renders you almost immune to fire.
   It protects you from negative energy.
 E - a +0 pair of boots (worn)
 L - a scarf of repulsion (worn)
 Q - a +2 chain mail of cold resistance (worn)
Jewellery
 c - an uncursed amulet of regeneration
 g - an uncursed ring of protection from cold {unknown}
 j - an amulet of the acrobat (around neck)
 F - a ring of see invisible (left hand)
Wands
 U - a wand of digging (5)
Scrolls
 a - 10 scrolls of fear
 m - 9 scrolls of remove curse
 n - 2 scrolls of immolation
 q - a scroll of fog
 s - 2 scrolls of enchant armour
 u - 2 scrolls of blinking
 v - 3 scrolls of enchant weapon
 J - 5 scrolls of teleportation
 M - a scroll of magic mapping
 O - 5 scrolls of identify
 R - a scroll of summoning
 V - a scroll of torment
Potions
 b - a potion of invisibility
 d - 6 potions of might
 e - 2 potions of berserk rage
 h - 4 potions of resistance
 i - 8 potions of curing
 k - 8 potions of heal wounds
 l - a potion of cancellation
 o - a potion of brilliance
 p - 2 potions of magic
 r - a potion of ambrosia
 w - 2 potions of attraction
 x - 2 potions of lignification
 A - a potion of flight
 B - 5 potions of haste
 H - a potion of mutation
Books
 P - a manual of Shields


   Skills:
 * Level 14.4(19.4) Fighting
 * Level 13.2(18.2) Maces & Flails
 * Level 14.4(19.4) Armour
 + Level 14.4(19.4) Shields
 + Level 9.8 Invocations


You had 14 spell levels left.
You didn't know any spells.
Your spell library contained the following spells:

 Spells                   Type           Power        Failure   Level
 Corona                   Hex            0%           75%         1
 Corpse Rot               Necr/Air       N/A          87%         2
 Poisonous Vapours        Pois/Air       0%           87%         2
 Slow                     Hex            0%           87%         2
 Conjure Flame            Conj/Fire      0%           98%         3
 Inner Flame              Hex/Fire       0%           98%         3
 Mephitic Cloud           Conj/Pois/Air  0%           98%         3
 Portal Projectile        Hex/Tloc       0%           98%         3
 Static Discharge         Conj/Air       0%           98%         3
 Stone Arrow              Conj/Erth      0%           98%         3
 Cause Fear               Hex            0%           100%        4
 Leda's Liquefaction      Hex/Erth       0%           100%        4
 Sticky Flame             Conj/Fire      0%           100%        4
 Bolt of Magma            Conj/Fire/Erth 0%           100%        5
 Iskenderun's Battlesphe  Conj           0%           100%        5
 Lightning Bolt           Conj/Air       0%           100%        5
 Summon Forest            Summ/Tloc      0%           100%        5
 Eringya's Noxious Bog    Tmut/Pois      0%           100%        6
 Freezing Cloud           Conj/Ice/Air   0%           100%        6
 Hydra Form               Tmut           0%           100%        6
 Iron Shot                Conj/Erth      0%           100%        6
 Orb of Destruction       Conj           0%           100%        7
 Spellforged Servitor     Conj/Summ      0%           100%        7
 Summon Hydra             Summ           0%           100%        7
 Ignition                 Fire           0%           100%        8
 Shatter                  Erth           0%           100%        9
 Tornado                  Air            0%           100%        9


Dungeon Overview and Level Annotations

Branches:
Dungeon (12/15)            Temple (1/1) D:4            Lair (6/6) D:10
  Swamp (0/4) Lair:4       Spider (0/4) Lair:3        Slime (0/5) Lair:6
    Orc (0/2) D:12          Sewer (visited)          Bailey (visited)
Volcano (visited)

Altars:
Ashenzari
Cheibriados
Dithmenos
Elyvilon
Fedhas
Gozag
Kikubaaqudgha
Makhleb
Nemelex Xobeh
Okawaru
Qazlal
Ru
Sif Muna
Uskayaw
Vehumet
Wu Jian
Xom
Yredelemnul
Zin
The Shining One
Beogh

Shops:
D:9 }


Innate Abilities, Weirdness & Mutations

You are resistant to torment.
Your stone body is resilient. (AC +11)
You are immune to poison.
Your large and strong wings let you fly indefinitely.
You resist negative energy. (rN+)
You are resistant to electric shocks. (rElec)
You can survive without breathing.
You are immune to petrification.
You are immune to miasma.


Message History

The enormous slime creature is heavily wounded.
The enormous slime creature barely misses you.
You sock the enormous slime creature!
The enormous slime creature is heavily wounded.
The enormous slime creature hits you!!!
You sock the enormous slime creature!
The enormous slime creature is heavily wounded.
The enormous slime creature barely misses you.
You gain the combat prowess of a mighty hero.
You block the enormous slime creature's attack.
You sock the enormous slime creature!
The enormous slime creature is severely wounded.
You bludgeon the enormous slime creature!!
The enormous slime creature is severely wounded.
You block the enormous slime creature's attack.
You sock the enormous slime creature!
The enormous slime creature is almost dead.
The enormous slime creature hits you!!!
Ouch! That really hurt!
You die...

.###...###.#.#.......#...#.#.#.##
.# #(..###.#......##.#...#.#...
.###..(##...########.##..... ....
.....()()).......................
.###...##....)(....#..#..#.#.....
.# #...##...######.#..#..#.#.#.#.
.# ######...##............<#.#...
######.###.#..###### ..
........J@........ ..
#######.###(#####... .. #### #...
.... ... .... ....#...### ## ####
##..J#...# ...# #...#...# ##.#
#..J# #...


You could see an enormous slime creature.

Vanquished Creatures
  An orc warlord (Bailey)
  Nessos (Lair:4)
  2 boulder beetles
  2 hydras
  A merfolk avatar (Lair:6)
  A death knight (D:8)
  A two-headed ogre (D:8)
  The ghost of Jaiteiro the Cleaver, a novice MiFi of the Shining One (D:10)
  8 death yaks
  Urug (Lair:4)
  A hell knight (Volcano)
  A skeletal warrior (D:8)
  A salamander mystic (Volcano)
  A sea snake (Lair:6)
  An unseen horror (D:10)
  A wizard (D:10)
  2 orc knights (Bailey)
  2 harpies (Lair:6)
  An ugly thing (D:10)
  4 oklob plants
  4 salamanders (Volcano)
  2 cyclopes
  A manticore (D:12)
  A black mamba (Lair:1)
  6 elephants
  A torpor snail (Lair:5)
  3 orange demons (D:11)
  2 molten gargoyles (Volcano)
  16 cane toads
  3 kobold demonologists (D:12)
  13 komodo dragons
  18 rime drakes
  2 wind drakes (Lair:6)
  2 red devils (D:11)
  4 hornets (Lair:6)
  4 trolls
  11 blink frogs
  8 polar bears
  6 dream sheep (Lair:3)
  A vampire (D:11)
  5 wyverns
  A wraith (D:8)
  65 yaks
  2 fire bats (Volcano)
  5 vampire mosquitoes (Lair:4)
  4 basilisks
  10 steam dragons (Lair:3)
  A soldier ant (D:11)
  2 acid dragons
  32 water moccasins
  23 orc warriors
  Duvessa (D:5)
  An ice beast (D:5)
  2 sky beasts
  3 phantoms
  A swamp drake (Lair:4)
  7 black bears
  7 ogres
  11 wolves
  13 centaurs
  5 big kobolds
  14 bullfrogs
  Dowan (D:5)
  8 scorpions
  2 water moccasin skeletons (D:11)
  13 killer bees
  3 wights (D:8)
  A crimson imp (D:10)
  9 lava snakes (Volcano)
  2 bullfrog zombies
  A quasit (D:11)
  12 hounds
  12 orc priests
  2 bullfrog skeletons (D:4)
  A jelly (D:8)
  2 centaur skeletons
  2 iguanas (D:6)
  16 orc wizards
  5 worker ants
  A killer bee zombie (D:7)
  A statue (D:8)
  29 adders
  8 gnolls (Bailey)
  5 river rats (Sewer)
  A shadow imp (D:7)
  5 white imps
  6 ufetubi
  3 oozes
  An adder skeleton (D:5)
  6 worms
  3 dart slugs
  4 leopard geckos
  90 orcs
  7 ball pythons
  4 giant cockroaches
  26 goblins
  19 hobgoblins
  10 jackals
  3 quokkas
  7 bats
  7 frilled lizards
  A jackal skeleton (D:7)
  23 kobolds
  2 leopard gecko skeletons
  A quokka zombie (D:8)
  11 rats
  A bush (Lair:5)
734 creatures vanquished.

Vanquished Creatures (others)
  An adder (Lair:4)
  3 bushes
  101 fungi
  101 plants
  13 toadstools (Lair:5)
219 creatures vanquished.

Grand Total: 953 creatures vanquished

Notes
Turn   | Place    | Note
-------+----------+-------------------------------------------
     0 | D:1      | infcreate the Gargoyle Fighter began the quest for the Orb.
     0 | D:1      | Reached XP level 1. HP: 14/14 MP: 1/1
   237 | D:1      | Reached XP level 2. HP: 18/19 MP: 2/2
   519 | D:1      | Reached XP level 3. HP: 23/23 MP: 3/3
  1437 | D:3      | Reached XP level 4. HP: 29/29 MP: 4/4
  1675 | D:3      | Found a glowing drain.
  1708 | Sewer    | Entered a sewer
  1822 | Sewer    | Reached XP level 5. HP: 17/33 MP: 5/5
  2200 | Sewer    | Noticed a big kobold
  2202 | Sewer    | Noticed a big kobold
  2212 | Sewer    | Killed a big kobold
  2213 | Sewer    | Reached XP level 6. HP: 39/39 MP: 6/6
  3054 | D:4      | Reached skill level 5 in Shields
  3086 | D:4      | Reached skill level 5 in Fighting
  3086 | D:4      | Reached skill level 5 in Armour
  3171 | D:4      | Noticed a phantom
  3209 | D:4      | Killed a phantom
  3210 | D:4      | Reached XP level 7. HP: 25/44 MP: 7/7
  3493 | D:4      | Got a scorched kite shield
  3505 | D:4      | Identified the cursed +0 kite shield "Cedink" {rCorr
                  | Slay+2} (You found it on level 4 of the Dungeon)
  3614 | D:4      | Found a staircase to the Ecumenical Temple.
  3643 | Temple   | Entered the Ecumenical Temple
  3677 | Temple   | Became a worshipper of Warmaster Okawaru
  4147 | D:5      | Entered Level 5 of the Dungeon
  4513 | D:5      | Reached XP level 8. HP: 51/51 MP: 8/8
  4540 | D:5      | Noticed Dowan
  4541 | D:5      | Noticed Duvessa
  4562 | D:5      | Killed Duvessa
  4565 | D:5      | Killed Dowan
  4565 | D:5      | Reached * piety under Okawaru
  4608 | D:5      | Got a crystal flail
  4610 | D:5      | Identified the +6 flail of Wounding {vorpal, rF+ Str-3
                  | Int+2} (You found it on level 5 of the Dungeon)
  4732 | D:5      | Reached skill level 5 in Maces & Flails
  5182 | D:6      | Reached skill level 1 in Invocations
  5429 | D:7      | Identified the Handbook of the Arsonist
  5496 | D:7      | Noticed a yak
  5496 | D:7      | Noticed a yak
  5499 | D:7      | Noticed a yak
  5513 | D:7      | Killed a yak
  5513 | D:7      | Reached ** piety under Okawaru
  5526 | D:7      | Reached XP level 9. HP: 47/56 MP: 10/10
  5978 | D:7      | Reached *** piety under Okawaru
  6011 | D:7      | Found a stormy altar of Qazlal.
  6333 | D:7      | Found an ornate altar of the Wu Jian Council.
  6351 | D:8      | Found a shimmering altar of Xom.
  6351 | D:8      | Noticed a two-headed ogre
  6471 | D:8      | Noticed a skeletal warrior
  6475 | D:8      | Found an ancient bone altar of Kikubaaqudgha.
  6477 | D:8      | Noticed a death knight
  6550 | D:8      | Reached XP level 10. HP: 44/64 MP: 12/12
  6710 | D:8      | Found a snail-covered altar of Cheibriados.
  6710 | D:8      | Found a shimmering blue altar of Sif Muna.
  6712 | D:8      | Found a shadowy altar of Dithmenos.
  6835 | D:8      | Found a radiant altar of Vehumet.
  6930 | D:8      | Killed a two-headed ogre
  6930 | D:8      | Reached **** piety under Okawaru
  7037 | D:8      | Found a basalt altar of Yredelemnul.
  7040 | D:8      | Found a transporter.
  7055 | D:8      | Found a transporter.
  7110 | D:9      | Found Cyir's Gadget Shoppe.
  7231 | D:9      | Found a hide-covered altar of Uskayaw.
  8349 | D:10     | Entered Level 10 of the Dungeon
  8361 | D:10     | Noticed Jaiteiro's ghost (novice MiFi)
  8377 | D:10     | Found a transporter.
  8379 | D:10     | Found a transporter.
  8379 | D:10     | Noticed an unseen horror
  8399 | D:10     | Found a flagged portal.
  8426 | Bailey   | Entered a bailey
  8564 | Bailey   | Noticed an orc knight
  8584 | Bailey   | Killed an orc knight
  8584 | Bailey   | Reached ***** piety under Okawaru
  8722 | Bailey   | Noticed an orc warlord
  8726 | Bailey   | Reached XP level 11. HP: 71/71 MP: 14/14
  8757 | Bailey   | HP: 2/71 [orc warlord/+0 great sword (27)]
  8760 | Bailey   | Killed an orc warlord
  8760 | Bailey   | Received a gift from Okawaru
  8761 | Bailey   | Reached skill level 5 in Invocations
  8770 | Bailey   | Got a jewelled mace {god gift}
  8772 | Bailey   | Identified the +1 mace of Embarrassment {venom, rPois Str-4
                  | Int+3 SInv} (Okawaru gifted it to you in a bailey)
  8880 | Bailey   | Noticed an orc knight
  8902 | Bailey   | Killed an orc knight
  9274 | D:10     | Noticed a wizard
  9290 | D:10     | Killed a wizard
  9295 | D:10     | Reached skill level 10 in Shields
  9396 | D:10     | Found a staircase to the Lair.
  9441 | D:10     | Reached skill level 10 in Armour
  9461 | D:10     | Reached skill level 10 in Fighting
 10001 | D:11     | Noticed a cyan ugly thing
 10018 | D:10     | Killed a cyan ugly thing
 10285 | D:11     | Reached XP level 12. HP: 74/78 MP: 16/16
 10619 | D:11     | Received a gift from Okawaru
 10620 | D:11     | Got a crude flail {god gift}
 10666 | D:11     | Identified the +5 flail "Lego" {vorpal, Int+2 Dex+4}
                  | (Okawaru gifted it to you on level 11 of the Dungeon)
 10954 | D:11     | Got a glimmering quarterstaff
 10955 | D:11     | Identified 2 scrolls of acquirement
 10955 | D:11     | Acquired a manual of Shields
 11046 | D:11     | Got a fading chain mail
 11047 | D:11     | Identified the cursed +0 chain mail "Laampas" {Rampage
                  | rElec Int+3} (You found it on level 11 of the Dungeon)
 11183 | D:8      | Acquired a +0 helmet of see invisible
 11216 | D:8      | Killed a death knight
 11428 | Lair:1   | Entered Level 1 of the Lair of Beasts
 11575 | Lair:1   | Reached skill level 10 in Maces & Flails
 11581 | Lair:1   | Reached ****** piety under Okawaru
 12607 | Lair:2   | Reached XP level 13. HP: 59/85 MP: 18/18
 13490 | Lair:2   | Received a gift from Okawaru
 13697 | Lair:3   | Got a pitted sapphire amulet
 13698 | Lair:3   | Identified the amulet of the Ancient Ships {Spirit rPois
                  | Dex+2 Stlth+} (You found it on level 3 of the Lair of
                  | Beasts)
 14054 | Lair:3   | Received a gift from Okawaru
 14065 | Lair:3   | Got a pair of shimmering boots {god gift}
 14071 | Lair:3   | Identified the +0 pair of boots of Benevolence {rF+++ rN+
                  | Int+4 Dex-4} (Okawaru gifted it to you on level 3 of the
                  | Lair of Beasts)
 14111 | Lair:3   | Found a hole to the Spider Nest.
 15214 | Lair:3   | Gained mutation: Your large and strong wings let you fly
                  | indefinitely. [Gargoyle growth]
 15214 | Lair:3   | Reached XP level 14. HP: 92/92 MP: 20/20
 15421 | Lair:4   | Noticed Nessos
 15492 | Lair:4   | Killed Nessos
 15654 | Lair:4   | Found a dark tunnel.
 15678 | Volcano  | Entered a volcano
 15960 | Volcano  | Found a bloodstained altar of Trog.
 16257 | Volcano  | Received a gift from Okawaru
 16662 | Lair:4   | Noticed Urug
 16679 | Lair:4   | Killed Urug
 17564 | Lair:4   | Found a staircase to the Swamp.
 18794 | Lair:5   | Found a blossoming altar of Fedhas.
 18936 | Lair:6   | Entered Level 6 of the Lair of Beasts
 19078 | Lair:6   | Received a gift from Okawaru
 19188 | Lair:6   | Reached XP level 15. HP: 99/100 MP: 21/21
 19789 | Lair:6   | Found a staircase to the Slime Pits.
 20573 | Lair:6   | Received a gift from Okawaru
 20929 | D:10     | Killed Jaiteiro's ghost
 21160 | D:12     | Found a staircase to the Orcish Mines.
 21168 | D:12     | Found a roughly hewn altar of Beogh.
 21310 | D:12     | Found a roughly hewn altar of Beogh.
 21715 | D:12     | Mangled by an enormous slime creature

Illustrated notes

Levels and vault maps discovered:
D:1:      amcnicky_arrival_double_pillar, layout_rooms, minivault_24,
          dk_noncrumbling_2
D:2:      layout_basic, kennysheep_doodads
D:3:      layout_loops_ring, portal_sewer_entry_d, minmay_bisected
D:4:      layout_basic, minmay_temple_entry_glass, serial_forest,
          infiniplex_forest_straight_2, infiniplex_forest_3_way,
          infiniplex_forest_zigzag_2, infiniplex_forest_join,
          infiniplex_forest_clump_curved, infiniplex_forest_clump_double,
          infiniplex_forest_corner_2, hangedman_feature_mirror
D:5:      layout_basic, uniq_duvessa
D:6:      layout_loops_ring
D:7:      layout_loops_ring, lemuel_round_altar, nzn_wu_jian_council_hall
D:8:      layout_cave_pools, gammafunk_temple_of_torment,
          nicolae_overflow_hidden_temple, nicolae_overflow_crystal_walls,
          vehumet_statue
D:9:      layout_layer_cave, eat_drink_and_be_merry_uskayaw, serial_shops,
          shop_fountains
D:10:     layout_cave_pods, due_lair_maze_entry_diamond, enter_bailey_4,
          nzn_ghost_randoct, lightli_wizard_tower
D:11:     layout_basic, minmay_beelzebubs_servants
D:12:     layout_basic, minmay_orc_entry_temple_small, special_room
          [special_room_orc]
Temple:   nicolae_temple_x_marks_the_god
Lair:1:   layout_cave_shapes
Lair:2:   layout_loops_ring, serial_rivers, chequers_serial_rivers_small_3,
          chequers_serial_rivers_small_3, chequers_serial_rivers_micro_e,
          chequers_serial_rivers_room_b, chequers_serial_rivers_small_b,
          cheibrodos_lair_lostbears
Lair:3:   layout_regular_city, nicolae_spider_entry_non_spiders,
          bobbens_dragon_lair_wall, grunt_megastairs_5
Lair:4:   lemuel_reptile_caves, layout_loops_ring, minmay_swamp_entry_swarm,
          nicolae_volcano_entry_lava_flow, uniq_urug, uniq_nessos
Lair:5:   layout_regular_city, tgw_fedhas, lemuel_fruit_fields
Lair:6:   gammafunk_lair_ancient_temple, layout_misc_corridors,
          minmay_slime_entry_oklob_open

Skill      XL: |  1  2  3  4  5  6  7  8  9 10 11 12 13 14 15 |
---------------+----------------------------------------------+-----
Armour         | 4 5 6 8 9 10 11 12 13 14 | 14.4
Fighting       | 4 5 6 8 9 10 11 12 13 14 | 14.4
Shields        | 4 5 6 8 9 10 11 12 13 14 | 14.4
Maces & Flails | 3 4 5 6 8 9 10 11 12 13 | 13.2
Invocations    | 1 3 4 5 7 8 9 |  9.8

Action                   |  1- 3 |  4- 6 |  7- 9 | 10-12 | 13-15 || total
-------------------------+-------+-------+-------+-------+-------++-------
Melee: Flail             |   119 |    18 |    25 |   201 |  1510 ||  1873
       Morningstar       |       |   313 |   354 |   808 |       ||  1475
Invok: Heroism           |       |       |     1 |     8 |     7 ||    16
       Finesse           |       |       |       |     2 |     3 ||     5
 Abil: Fly               |       |       |       |       |     2 ||     2
       Stop Flying       |       |       |       |       |     1 ||     1
  Use: Scroll            |     4 |     3 |     9 |    13 |     7 ||    36
       Potion            |       |     4 |       |     2 |       ||     6
 Stab: Confused          |       |       |       |       |     1 ||     1
Armor: Scale mail        |    82 |   121 |       |       |       ||   203
       Chain mail        |       |    55 |   223 |       |   244 ||   522
       Plate armour      |       |       |    36 |   610 |   281 ||   927
Dodge: Dodged            |    41 |    78 |    86 |   202 |   328 ||   735
       Repelled          |       |       |       |       |     7 ||     7
Block: Kite shield       |    69 |   206 |   228 |   627 |   739 ||  1869
